 Dungeon Crawl Stone Soup version 0.22-a0-772-gac08f70 (webtiles) character file.

22 iamserjio the Stinger (level 2, 1/17 HPs)
             Began as an Octopode Venom Mage on July 17, 2018.
             Quit the game on level 2 of the Dungeon.
             The game lasted 00:03:28 (1113 turns).

iamserjio the Stinger (Octopode Venom Mage)         Turns: 1113, Time: 00:03:29

Health: 1/17       AC:  1    Str: 12    XL:     2   Next: 91%
Magic:  4/5        EV: 13    Int: 22    God:
Gold:   71         SH:  0    Dex: 12    Spells: 2/5 levels left

rFire    . . .     SeeInvis .   a - +0 short sword
rCold    . . .     Gourm    .   (no shield)
rNeg     . . .     Faith    .   (helmet restricted)
rPois    .         Spirit   .   (no amulet)
rElec    .         Reflect  .   (no ring)
rCorr    .         Harm     .   (no ring)
MR       .....                  (no ring)
Stlth    +++.......             (no ring)
HPRegen  0.05/turn              (no ring)
MPRegen  0.09/turn              (no ring)
                                (no ring)
                                (no ring)

@: mighty, brilliant, lethally poisoned (1 -> -2), very slightly contaminated,
invisible
A: almost no armour, stealthy swim, amphibious, 8 rings, constrict 8, camouflage
1, gelatinous body 1
a: no special abilities


You were on level 2 of the Dungeon.
You were not hungry.

You visited 1 branch of the dungeon, and saw 2 of its levels.

You collected 71 gold pieces.

Inventory:

Hand Weapons
 a - a +0 short sword (weapon)
 k - a +0 hunting sling
Missiles
 e - 34 arrows
 l - 15 sling bullets
Jewellery
 f - an uncursed amulet of guardian spirit {unknown}
Scrolls
 c - a scroll of teleportation {unknown}
 h - a scroll of fear {unknown}
 j - a scroll of identify {unknown}
Comestibles
 b - 3 rations


   Skills:
 - Level 2.0 Dodging
 + Level 3.2 Stealth
 + Level 2.2 Spellcasting
 + Level 1.4 Conjurations
 + Level 4.1 Poison Magic


You had 2 spell levels left.
You knew the following spells:

 Your Spells              Type           Power        Failure   Level  Hunger
a - Sting                 Conj/Pois      ####         1%          1    #......
b - Poisonous Vapours     Pois/Air       ###...       1%          2    ##.....

Your spell library contained the following spells:

 Spells                   Type           Power        Failure   Level  Hunger
 Mephitic Cloud           Conj/Pois/Air  ###.....     2%          3    ###....
 Venom Bolt               Conj/Pois      ####......   13%         5    ######.
 Olgreb's Toxic Radiance  Pois           ####....     3%          4    #####..


Dungeon Overview and Level Annotations

Branches:
Dungeon (2/15)

Altars:


Innate Abilities, Weirdness & Mutations

You cannot wear most types of armour.
You are very stealthy in the water. (Stealth+)
You are amphibious.
You can wear up to eight rings at the same time.
You can use your tentacles to constrict eight enemies at once.
Your skin changes colour to match your surroundings (Stealth+).
Your rubbery body absorbs attacks. (AC +1, EV +1)


Message History

You are poisoned.
The adder poisons you! The adder bites you.
* * * LOW HITPOINT WARNING * * *
It was a potion of invisibility.
You fade into invisibility!
You constrict the adder.
* * * LOW HITPOINT WARNING * * *
You feel sick. The bat hits you.
* * * LOW HITPOINT WARNING * * *
The adder closely misses you.
You are very lightly contaminated with residual magic.
It was a potion of brilliance.
You feel clever all of a sudden.
You constrict the adder. The bat closely misses you.
The adder closely misses you.
It was a potion of might.
You feel very mighty all of a sudden.
You constrict the adder. The bat closely misses you.
The adder closely misses you. The adder barely misses you.
Are you sure you want to abandon this character and quit the game? (Confirm with "yes".)

###
##<####
#.....#
#.....#
#..b..#
#.)...#
#.
#.@...#
#.#
#.S...#
#.#
##'####
#.# #.#
#.# #.#
.#.# #.#
.#.######
#.#
>g......#
#.#
##.####.#
#.#


You could see an adder and a bat.

Vanquished Creatures
  2 dart slugs
  3 giant cockroaches (D:1)
  2 goblins (D:1)
  2 bats (D:1)
  4 kobolds
  6 rats (D:1)
19 creatures vanquished.

Notes
Turn   | Place    | Note
-------+----------+-------------------------------------------
     0 | D:1      | iamserjio the Octopode Venom Mage began the quest for the Orb.
     0 | D:1      | Reached XP level 1. HP: 11/11 MP: 3/3
   139 | D:1      | Reached XP level 2. HP: 17/17 MP: 3/5
   237 | D:1      | Reached skill level 4 in Poison Magic
   985 | D:1      | Learned a level 2 spell: Poisonous Vapours
  1113 | D:2      | Quit the game

Vault maps used:
D:1:      onia_arrival_larder, grunt_decor_fettered
D:2:      lemuel_coloured_pillars_altar, first_ration

Skill      XL: |  1  2 |
---------------+-------+-----
Stealth        | 3 |  3.2
Poison Magic   | 4 |  4.1
Dodging        | |  2.0
Spellcasting   | |  2.2
Conjurations   | |  1.4

Action                   || total
-------------------------++-------
Melee: Unarmed           ||    11
       Constrict         ||     8
       Tentacles         ||     4
       Short sword       ||    14
 Cast: Sting             ||    16
  Use: Potion            ||     3
 Stab: Sleeping          ||     5
  Eat: Chunk             ||     1
Armor: Skin              ||    12
Dodge: Dodged            ||    37

Table legend:
 A = Spawn XP
 B = Non-spawn XP
 C = Spawn XP percentage of total XP
 D = Spawn monster count
 E = Non-spawn monster count
 F = Spawn count percentage of total count
 G = Total turns spent on level
                    A         B        C        D         E        F      G
               +---------+---------+-------+---------+---------+-------+---------
         Total |       0 |      32 |   0.0 |       0 |      19 |   0.0 |  1113
               +---------+---------+-------+---------+---------+-------+---------
           D:1 |       0 |      25 |   0.0 |       0 |      16 |   0.0 |   986
           D:2 |       0 |       7 |   0.0 |       0 |       3 |   0.0 |   127
               +---------+---------+-------+---------+---------+-------+---------
